 Dungeon Crawl Stone Soup version 0.30-a0-862-g1aabd4f9c5 (webtiles) character file.

Game seed: 14552888213677987003

13541 bmack86 the Cleaver (level 11, -2/99 HPs)
             Began as a Minotaur Fighter on Mar 10, 2023.
             Was an Elder of Okawaru.
             Slain by a boulder beetle (41 damage)
             ... on level 11 of the Dungeon.
             The game lasted 00:24:17 (8588 turns).

bmack86 the Cleaver (Minotaur Fighter)              Turns: 8588, Time: 00:24:17

Health: -2/99      AC: 22    Str: 33    XL:     11   Next: 76%
Magic:  14/14      EV: 10    Int:  5    God:    Okawaru [****..]
Gold:   1199       SH:  7    Dex: 11    Spells: 10/10 levels left

rFire   . . .      SeeInvis .    a - +1 war axe (flame)
rCold   . . .      Faith    .    c - +0 buckler
rNeg    . . .      Spirit   .    t - +0 plate armour
rPois   +          Reflect  .    (helmet restricted)
rElec   .          Rampage  +    o - +0 cloak of Icunume {Rampage rPois Str+3}
rCorr   .                        C - +0 pair of gloves
Will    +....                    j - +1 pair of boots Stlth
                                 k - amulet of regeneration
HPRegen 1.16/turn                p - +6 ring of strength
MPRegen 0.14/turn                F - ring of willpower

@: heroic
A: horns 2, retaliatory headbutt
a: Renounce Religion, Heroism, Finesse


You were on level 11 of the Dungeon.
You worshipped Okawaru.
Okawaru was greatly pleased with you.
You visited 2 branches of the dungeon, and saw 12 of its levels.
You also visited: Sewer.

You collected 1199 gold pieces.

Inventory:

Hand Weapons
 a - a +1 war axe of flaming (weapon)
Missiles
 w - 27 poisoned darts (quivered)
 D - 2 throwing nets
Armour
 c - a +0 buckler (worn)
 f - a +1 cloak
 j - a +1 pair of boots (worn)
 o - the +0 cloak of Icunume (worn) {Rampage rPois Str+3}
   (You found it in a sewer)

   Str:       It affects your strength (+3).
   rPois:     It protects you from poison.
   Rampage:   It bestows one free step when moving towards enemies.
 t - a +0 plate armour (worn)
 A - the +1 ring mail of the Gastropod {rElec Int+3 Stlth-}
   (You found it on level 7 of the Dungeon)

   Int:       It affects your intelligence (+3).
   rElec:     It insulates you from electricity.
   Stlth:     It makes you less stealthy.
 C - a +0 pair of gloves (worn)
Jewellery
 b - a ring of positive energy
 k - an amulet of regeneration (around neck)
 l - a +6 ring of intelligence
 p - a +6 ring of strength (left hand)
 r - an amulet of reflection
 x - a +6 ring of dexterity
 F - a ring of willpower (right hand)
Wands
 u - a wand of iceblast (15)
 y - a wand of polymorph (5)
Scrolls
 g - 2 scrolls of silence
 h - 2 scrolls of teleportation
 n - 6 scrolls of fear
 z - a scroll of magic mapping
 B - a scroll of amnesia
 G - a scroll of blinking
 H - a scroll of poison
 I - a scroll of enchant weapon
 J - 2 scrolls of identify
Potions
 d - a potion of might
 e - 6 potions of curing
 i - 3 potions of flight
 m - 4 potions of heal wounds
 q - 2 potions of haste
 s - 2 potions of brilliance
 v - a potion of magic
 E - 2 potions of cancellation


   Skills:
 + Level 10.0(15.0) Fighting
 * Level 13.3(18.3) Axes
 + Level 5.4(10.4) Throwing
 + Level 10.0(15.0) Armour
 + Level 10.0(15.0) Shields
 + Level 5.7 Invocations


You had 10 spell levels left.
You didn't know any spells.
Your spell library contained the following spells:

 Spells                   Type           Power      Damage    Failure   Level
 Slow                     Hex            0%         N/A       96%         1
 Blink                    Tloc           0%         N/A       99%         2
 Lesser Beckoning         Tloc           0%         N/A       99%         2
 Momentum Strike          Conj/Tloc      0%         3d8       99%         2
 Confusing Touch          Hex            0%         N/A       100%        3
 Vampiric Draining        Necr           0%         2d6       100%        3


Dungeon Overview and Level Annotations

Branches:
Dungeon (11/15)            Temple (1/1) D:5             Orc (0/2) D:10
  Sewer (visited)
   Lair: D:8-11

Altars:
Ashenzari
Cheibriados
Dithmenos
Elyvilon
Fedhas
Gozag
Hepliaklqana
Kikubaaqudgha
Makhleb
Nemelex Xobeh
Okawaru
Qazlal
Ru
Sif Muna
Trog
Uskayaw
Vehumet
Wu Jian
Xom
Yredelemnul
Zin
The Shining One

Shops:
D:3 (


Innate Abilities, Weirdness & Mutations

You have a pair of horns on your head.
You reflexively headbutt those who attack you in melee.


Message History

You furiously retaliate!
You headbutt the quokka!
You kill the quokka!
Okawaru accepts your kill.
You rampage towards the rat!
You slash the rat! You burn the rat.
You kill the rat!
You closely miss the wraith.
The boulder beetle stops rolling and uncurls.
Things that are here:
a boomerang; a +0 trident You slice the wraith!!
You burn the wraith! You headbutt the wraith.
You destroy the wraith!
Okawaru accepts your kill.
You slice the boulder beetle!! You burn the boulder beetle.
The boulder beetle is almost dead.
You hit the boulder beetle but do no damage.
The boulder beetle is almost dead.
The boulder beetle bites you.
* * * LOW HITPOINT WARNING * * *
You hit the boulder beetle but do no damage.
You headbutt the boulder beetle, but do no damage.
The boulder beetle is almost dead.
The boulder beetle bites you but does no damage.
You hit the boulder beetle but do no damage.
The boulder beetle is almost dead.
Unknown command.
You hit the boulder beetle but do no damage.
The boulder beetle is almost dead.
The boulder beetle bites you.
You hit the boulder beetle but do no damage.
The boulder beetle is almost dead.
You block the boulder beetle's attack.
You hit the boulder beetle. You burn the boulder beetle.
The boulder beetle is almost dead.
The boulder beetle leaps!
The boulder beetle curls into a ball and begins rolling!
Items here: ) [ ††††††.
Things that are here:
a boomerang; a +0 trident The boulder beetle hits you!!!
You die...

.# ########....... . .##
#.............. .. ..#
#.........###.. ... ..
#.............. #.. .#
###########...... ..#..#.
..# ##...'......
.°.....####.###..###......
......°°B.#.#...## #......
......###@#.).### #......
..... #....## ####### #.##
###..# . #>## ###


You could see a boulder beetle (rolling).

Vanquished Creatures
  Josephine (D:11)
  A two-headed ogre (D:10)
  3 death yaks (D:11)
  Lodul (D:11)
  Pikel (D:4)
  Prince Ribbit (D:7)
  Grinder (D:3)
  Sigmund (D:3)
  4 wraiths
  4 wyverns
  6 yaks (D:10)
  Edmund (D:5)
  An acid dragon (D:10)
  4 water moccasins
  Duvessa (D:4)
  5 orc warriors
  3 ice beasts
  A black bear (D:5)
  9 ogres (D:11)
  5 centaurs
  3 phantoms
  3 kobold brigands
  2 gnoll sergeants
  4 bullfrogs
  4 scorpions
  18 wights
  Dowan (D:4)
  22 killer bees
  A howler monkey (D:7)
  4 hounds
  2 jellies
  4 orc priests
  3 gnoll boudas
  2 iguanas (D:5)
  Ijyb (D:3)
  7 orc wizards
  A hell rat (D:11)
  Terence (D:3)
  Robin (D:4)
  7 adders
  24 gnolls
  9 river rats
  2 white imps
  A worm (D:3)
  3 dart slugs
  30 orcs
  7 ball pythons
  11 endoplasms
  11 giant cockroaches
  11 goblins (D:4)
  8 hobgoblins
  6 jackals (D:2)
  12 quokkas
  4 bats
  4 frilled lizards
  23 kobolds
  21 rats
332 creatures vanquished.

Vanquished Creatures (others)
  An orc wizard (D:3)
1 creature vanquished.

Grand Total: 333 creatures vanquished

Notes
Turn   | Place    | Note
-------+----------+-------------------------------------------
     0 | D:1      | bmack86 the Minotaur Fighter began the quest for the Orb.
     0 | D:1      | Reached XP level 1. HP: 19/19 MP: 0/0
   425 | D:1      | Reached XP level 2. HP: 27/27 MP: 1/1
   581 | D:1      | Reached skill level 3 in Axes
   863 | D:2      | Reached XP level 3. HP: 33/33 MP: 2/2
  1026 | D:2      | Reached XP level 4. HP: 25/40 MP: 3/3
  1059 | D:2      | Reached skill level 4 in Axes
  1200 | D:2      | Found a faded altar of an unknown god.
  1417 | D:3      | Noticed Grinder
  1430 | D:3      | Killed Grinder
  1431 | D:3      | Reached skill level 5 in Axes
  1431 | D:3      | Reached XP level 5. HP: 20/47 MP: 4/4
  1431 | D:3      | Reached XP level 6. HP: 23/55 MP: 5/5
  1530 | D:3      | Reached skill level 5 in Fighting
  1540 | D:3      | Noticed Terence
  1546 | D:3      | Killed Terence
  1547 | D:3      | Reached skill level 5 in Armour
  1547 | D:3      | Reached skill level 5 in Shields
  1548 | D:3      | Noticed Sigmund
  1566 | D:3      | Killed Sigmund
  1567 | D:3      | Reached skill level 6 in Axes
  1631 | D:3      | Found a shimmering altar of Xom.
  1631 | D:3      | Found a stormy altar of Qazlal.
  1631 | D:3      | Found a broken altar of Ashenzari.
  1984 | D:3      | Reached XP level 7. HP: 61/61 MP: 6/6
  2220 | D:3      | Found Fotazoqa's Antique Weapon Boutique.
  2228 | D:3      | Noticed Ijyb
  2237 | D:3      | Killed Ijyb
  2411 | D:4      | Noticed Robin
  2421 | D:4      | Killed Robin
  2558 | D:4      | Reached skill level 7 in Axes
  2730 | D:4      | Reached XP level 8. HP: 67/70 MP: 7/7
  2783 | D:4      | Noticed Pikel
  2793 | D:4      | Killed Pikel
  2794 | D:4      | Reached skill level 8 in Axes
  2911 | D:4      | Noticed Dowan
  2912 | D:4      | Noticed Duvessa
  2926 | D:4      | Killed Duvessa
  2936 | D:4      | Killed Dowan
  3081 | D:5      | Entered Level 5 of the Dungeon
  3215 | D:5      | Reached skill level 9 in Axes
  3267 | D:5      | Found a staircase to the Ecumenical Temple.
  3282 | Temple   | Entered the Ecumenical Temple
  3348 | Temple   | Became a worshipper of Warmaster Okawaru
  3495 | D:5      | Reached XP level 9. HP: 76/79 MP: 8/8
  3516 | D:5      | Reached skill level 1 in Invocations
  3779 | D:5      | Noticed Edmund
  3790 | D:5      | Killed Edmund
  3890 | D:6      | Found a glowing drain.
  3914 | Sewer    | Entered a sewer
  3953 | Sewer    | Reached * piety under Okawaru
  3954 | Sewer    | Reached skill level 1 in Throwing
  3966 | Sewer    | Identified the +0 cloak of Icunume {Rampage rPois Str+3}
  4494 | D:6      | Reached skill level 10 in Axes
  4718 | D:6      | Reached ** piety under Okawaru
  4987 | D:7      | Identified the +1 ring mail of the Gastropod {rElec Int+3
                  | Stlth-}
  5016 | D:7      | Reached XP level 10. HP: 75/88 MP: 11/11
  5149 | D:7      | Noticed Prince Ribbit
  5158 | D:7      | Killed Prince Ribbit
  5371 | D:7      | Reached skill level 11 in Axes
  5470 | D:7      | Reached *** piety under Okawaru
  7197 | D:10     | Entered Level 10 of the Dungeon
  7288 | D:10     | Reached **** piety under Okawaru
  7419 | D:10     | Noticed a two-headed ogre
  7426 | D:10     | Killed a two-headed ogre
  7427 | D:10     | Reached skill level 12 in Axes
  7460 | D:10     | Reached XP level 11. HP: 72/97 MP: 13/13
  7773 | D:10     | Found a staircase to the Orcish Mines.
  8237 | D:11     | Noticed Lodul
  8249 | D:11     | Received a gift from Okawaru
  8251 | D:11     | Reached skill level 5 in Invocations
  8257 | D:11     | Killed Lodul
  8499 | D:11     | Noticed a death yak
  8503 | D:11     | Noticed Josephine
  8503 | D:11     | Noticed a death yak
  8509 | D:11     | Noticed a death yak
  8516 | D:11     | Noticed a boulder beetle
  8517 | D:11     | Killed a death yak
  8518 | D:11     | Reached skill level 5 in Throwing
  8521 | D:11     | Killed Josephine
  8529 | D:11     | Killed a death yak
  8529 | D:11     | Received a gift from Okawaru
  8530 | D:11     | Reached skill level 13 in Axes
  8536 | D:11     | Killed a death yak
  8547 | D:11     | Reached skill level 10 in Fighting
  8551 | D:11     | Reached skill level 10 in Armour
  8572 | D:11     | Reached skill level 10 in Shields
  8588 | D:11     | Slain by a boulder beetle

Illustrated notes

Levels and vault maps discovered:
D:1:      dpeg_arrival_ratfight, layout_loops_ring
D:2:      layout_loops_cross, hellmonk_ecumenical_altar_crossroads
D:3:      layout_loops_ring, gammafunk_temple_overflow_claw, serial_shops,
          nicolae_square_shop, lightli_corner_chamber, uniq_ijyb, uniq_sigmund,
          uniq_grinder, uniq_terence
D:4:      layout_rooms, nrook_loot_triangle, uniq_robin, uniq_duvessa,
          uniq_pikel
D:5:      layout_basic, minmay_temple_entry_mini_moons, serial_corexii_hall,
          corexii_hall_statues_l, chequers_hall_statues_corner_a,
          chequers_hall_statues_wall_a, corexii_hall_statues_x, uniq_edmund
D:6:      lemuel_ratsnest, layout_loops_ring, portal_sewer_entry_f
D:7:      layout_loops_ring, uniq_prince_ribbit1
D:8:      layout_cave_pods
D:9:      layout_loops_ring
D:10:     layout_loops_corners, david_orc_2, kennysheep_generic_room_8
D:11:     layout_basic, dpeg_lair_monsters, uniq_lodul, uniq_josephine
Temple:   compressed_dpeg_triangle_lava_temple

Skill      XL: |  1  2  3  4  5  6  7  8  9 10 11 |
---------------+----------------------------------+-----
Axes           | 3 5 6 7 9 10 12 13 | 13.3
Fighting       | 4 5 6 7 8 9 10 | 10.0
Shields        | 4 5 6 7 8 9 10 | 10.0
Armour         | 4 5 6 7 8 9 10 | 10.0
Invocations    | 3 4 5 |  5.7
Throwing       | 2 4 5 |  5.4

Action                     |  1- 3 |  4- 6 |  7- 9 | 10-12 || total
---------------------------+-------+-------+-------+-------++-------
  Melee: War axe           |    44 |    70 |   296 |   316 ||   726
         Headbutt          |     1 |     7 |    49 |    55 ||   112
  Throw: Dart              |       |       |       |     8 ||     8
 Invoke: Heroism           |       |       |       |     3 ||     3
         Finesse           |       |       |       |     1 ||     1
    Use: Scroll            |     2 |     5 |    11 |     7 ||    25
         Potion            |       |       |       |     1 ||     1
 Armour: Scale mail        |    28 |    36 |     1 |       ||    65
         Plate armour      |       |       |   166 |   173 ||   339
  Dodge: Dodged            |    33 |    32 |    93 |    93 ||   251
  Block: Buckler           |    13 |    15 |    59 |    90 ||   177

Table legend: (Time is in decaauts)
 A = Elapsed time spent in this place.
 B = Non-inter-level travel time spent in this place.
 C = Inter-level travel time spent in this place.
 D = Time resting spent in this place.
 E = Time spent auto-exploring this place.
 F = Levels seen in this place.
 G = Mean time per level.
                   A        B        C        D        E       F      G
               +--------+--------+--------+--------+--------+-----+--------+
         Total |   8623 |   8334 |    289 |     55 |   5842 |  13 |  663.3 |
       Dungeon |   8419 |   8130 |    289 |     55 |   5841 |  11 |  765.4 |
        Temple |    106 |    106 |      0 |      0 |      1 |   1 |  106.0 |
         Sewer |     97 |     97 |      0 |      0 |      0 |   1 |   97.0 |
               +--------+--------+--------+--------+--------+-----+--------+

Top non-repeatable levels by time:
    D:10: 1032 daAuts
     D:3: 1022 daAuts
     D:6: 964 daAuts
     D:8: 777 daAuts
     D:9: 756 daAuts
     D:7: 735 daAuts
     D:2: 716 daAuts
     D:1: 712 daAuts
     D:4: 689 daAuts
     D:5: 687 daAuts
    D:11: 326 daAuts
  Temple: 106 daAuts
   Sewer: 97 daAuts
